Match 45525040
Unlisted

Match 45525040
End
Selects Airborne Battlegroup
Selects Pathfinders
Pathfinder Squad
Pathfinder Squad
Construct Barracks
1⁄4-ton 4x4 Truck
Construct Weapon Support Center
Air Support Center
Selects Paratrooper Squad Paradrop
Paratrooper Squad Paradrop
Double Sortie
Grasshopper Recon Run
P-47 Strafing Run
Selects Recon Loiter
Paratrooper Squad Paradrop
Selects Supply Drop
Paratrooper Squad Paradrop
Grasshopper Recon Run
Supply Drop
P-47 Strafing Run
Grasshopper Recon Run
P-47 Strafing Run
P-47 Dive Bomb
Supply Drop
Selects Dual P-47 Rocket Strike
Paratrooper Squad Paradrop
Grasshopper Recon Run
Supply Drop
Dual P-47 Rocket Strike
P-47 Dive Bomb
Selects Anti-tank Gun Team Paradrop
Supply Drop
P-47 Strafing Run
P-47 Dive Bomb
Paratrooper Squad Paradrop
Grasshopper Recon Run
Dual P-47 Rocket Strike
Supply Drop
Air Supply
Grasshopper Recon Run
Recon Loiter
Dual P-47 Rocket Strike
Supply Drop
Grasshopper Recon Run
Improved Aircraft Armor
Advanced Air Reconnaissance
P-47 Dive Bomb
Improved M9 Bazooka Rockets
Recon Loiter
P-47 Strafing Run
P-47 Strafing Run
Supply Drop
Grasshopper High-Altitude Recon Run
Dual P-47 Rocket Strike
P-47 Strafing Run
P-47 Dive Bomb
Construct Tank Depot
Supply Drop
P-47 Strafing Run
Dual P-47 Rocket Strike
Greg the Human
PINGWIN
Michel-®
Jester Two Coins
Rum
NotKing
Agent Smith
Robin Da Hood
0
0

Comments sign in to comment!

No comments posted yet!